[Event "Asian Zonal 3.2 Women 2019"]
[Site "Dhaka"]
[Date "2019.03.20"]
[Round "1.11"]
[White "Sultana, Sharmin Shirin"]
[Black "Lohani, Sujana"]
[Result "0-1"]
[ECO "C85"]
[WhiteElo "1981"]
[BlackElo "1610"]
[Annotator "NA RC"]
[PlyCount "45"]
[EventDate "2019.03.14"]
[EventType "swiss"]
[EventCountry "BAN"]
[SourceTitle "playchess.com"]
[Source "ChessBase"]
[SourceQuality "1"]
[TimeControl "5400+30"]

1. e4 e5 2. Nf3 Nc6 3. Bb5 a6 4. Ba4 Nf6 5. O-O Be7 6. Bxc6 dxc6 7. d3 Nd7 8. Nbd2 O-O 9. Nc4 f6 10. Nh4 Nc5 11. Nf5 Bxf5 12. exf5 Qd5 13. Qg4 Rfe8 14. Re1 e4 15. b4 exd3 16. Bh6 Bf8 17. bxc5 dxc2 18. Ne3 Qd3 19. g3 Re4 20. Bf4 Bxc5 21. Qe2 Qc3 22. Rac1 Bxe3 23. Bxe3 0-1

[Event "Asian Zonal 3.2 Women 2019"]
[Site "Dhaka"]
[Date "2019.03.20"]
[Round "1.12"]
[White "Kazi Zarin, Tasnim"]
[Black "Khan, Nazrana"]
[Result "0-1"]
[ECO "B43"]
[WhiteElo "1567"]
[BlackElo "1948"]
[Annotator "NA RC"]
[PlyCount "70"]
[EventDate "2019.03.14"]
[EventType "swiss"]
[EventCountry "BAN"]
[SourceTitle "playchess.com"]
[Source "ChessBase"]
[SourceQuality "1"]
[TimeControl "5400+30"]

1. e4 c5 2. Nf3 e6 3. d4 cxd4 4. Nxd4 a6 5. a3 Nf6 6. Nc3 Qc7 7. Be3 b5 8. Bd3 Bb7 9. O-O d5 10. exd5 Nxd5 11. Nxd5 Bxd5 12. Qd2 Be7 13. Rae1 O-O 14. Bh6 Bf6 15. Bf4 Qb7 16. Be5 Nd7 17. Bxf6 Nxf6 18. f3 Bc4 19. Bxc4 bxc4 20. c3 Rfd8 21. Qf2 Qc7 22. Qe3 Rab8 23. Rf2 Rd5 24. Nxe6 fxe6 25. Qxe6+ Kh8 26. Qxa6 Qc5 27. Kf1 h6 28. Qa4 Rbd8 29. Qc2 Qd6 30. g3 Rd3 31. Kg2 Qc6 32. Ree2 Ng4 33. Rf1 Ne3+ 34. Rxe3 Rxe3 35. Qc1 Rdd3 0-1

[Event "Asian Zonal 3.2 Women 2019"]
[Site "Dhaka"]
[Date "2019.03.20"]
[Round "2.9"]
[White "Sultana, Zakia"]
[Black "Parveen, Seyda Shabana"]
[Result "1/2-1/2"]
[ECO "A48"]
[WhiteElo "1826"]
[BlackElo "2073"]
[Annotator "NA RC"]
[PlyCount "35"]
[EventDate "2019.03.14"]
[EventType "swiss"]
[EventCountry "BAN"]
[SourceTitle "playchess.com"]
[Source "ChessBase"]
[SourceQuality "1"]
[TimeControl "5400+30"]

1. d4 Nf6 2. Nf3 d6 3. Bf4 g6 4. h3 Bg7 5. e3 O-O 6. Be2 b6 7. Nbd2 Bb7 8. c3 Nbd7 9. O-O Re8 10. Bh2 e5 11. dxe5 dxe5 12. Nc4 Ne4 13. Qc2 Ng5 14. Ncd2 Nxf3+ 15. Bxf3 Bxf3 16. Nxf3 Qe7 17. Rfd1 Nf8 18. Qa4 1/2-1/2

[Event "Asian Zonal 3.2 Women 2019"]
[Site "Dhaka"]
[Date "2019.03.20"]
[Round "2.10"]
[White "Parveen, Tanima"]
[Black "Noshin, Anjum"]
[Result "1-0"]
[ECO "C54"]
[WhiteElo "1990"]
[BlackElo "1722"]
[Annotator "NA RC"]
[PlyCount "93"]
[EventDate "2019.03.14"]
[EventType "swiss"]
[EventCountry "BAN"]
[SourceTitle "playchess.com"]
[Source "ChessBase"]
[SourceQuality "1"]
[TimeControl "5400+30"]

1. e4 e5 2. Nf3 Nc6 3. Bc4 Bc5 4. c3 Nf6 5. d3 a6 6. O-O O-O 7. d4 Ba7 8. dxe5 Nxe4 9. b4 h6 10. Bb3 d6 11. Bd5 Bf5 12. Qe2 Ng5 13. Nxg5 hxg5 14. Bxc6 bxc6 15. Qf3 Bd7 16. exd6 cxd6 17. Qg3 g4 18. Qxd6 Bb8 19. Qd4 Qh4 20. Bf4 Rd8 21. Bxb8 Raxb8 22. Nd2 Bf5 23. Qf4 Bd3 24. Rfe1 Rb5 25. Nf3 Qh5 26. Nd4 Rb6 27. Rad1 Bc4 28. Qc7 Rdb8 29. Nxc6 R6b7 30. Ne7+ Kh8 31. Qxc4 Rxe7 32. Rxe7 g3 33. Rde1 Qxh2+ 34. Kf1 Qh1+ 35. Ke2 Qh5+ 36. Kd2 Rd8+ 37. Kc1 gxf2 38. Re8+ Kh7 39. g4 Qg5+ 40. Kb1 Rxe8 41. Rxe8 Qg6+ 42. Kb2 f5 43. Rf8 Qd6 44. Qg8+ Kh6 45. Qh8+ Kg5 46. Qh5+ Kf4 47. Qxf5+ 1-0

[Event "Asian Zonal 3.2 Women 2019"]
[Site "Dhaka"]
[Date "2019.03.20"]
[Round "2.11"]
[White "Khan, Nazrana"]
[Black "Jannatul, Ferdous"]
[Result "1-0"]
[ECO "D49"]
[WhiteElo "1948"]
[BlackElo "1704"]
[Annotator "NA RC"]
[PlyCount "79"]
[EventDate "2019.03.14"]
[EventType "swiss"]
[EventCountry "BAN"]
[SourceTitle "playchess.com"]
[Source "ChessBase"]
[SourceQuality "1"]
[TimeControl "5400+30"]

1. d4 d5 2. c4 c6 3. Nc3 Nf6 4. Nf3 e6 5. e3 Nbd7 6. Bd3 dxc4 7. Bxc4 b5 8. Bd3 a6 9. e4 c5 10. e5 cxd4 11. Nxb5 Ng4 12. Nbxd4 Ngxe5 13. Be4 Rb8 14. O-O Bb7 15. Qe2 Nxf3+ 16. Nxf3 Bxe4 17. Qxe4 Nc5 18. Qe2 Qd3 19. Qe5 Qd6 20. Bf4 Rb6 21. Rad1 Qxe5 22. Bxe5 f6 23. Bc3 e5 24. b3 Ne4 25. Ba5 Rd6 26. Rc1 Be7 27. Rfe1 Rd5 28. Rc8+ Kf7 29. Rxh8 Nxf2 30. Kxf2 Rxa5 31. Re2 h6 32. Rc8 Bc5+ 33. Kf1 Bb4 34. Rb8 Bd6 35. Rb7+ Kg6 36. Rd2 e4 37. Nh4+ Kg5 38. g3 e3 39. Rxg7+ Kh5 40. Rxd6 1-0

[Event "Asian Zonal 3.2 Women 2019"]
[Site "Dhaka"]
[Date "2019.03.20"]
[Round "2.12"]
[White "Premanath, Dinushki"]
[Black "Ahmed, Walijah"]
[Result "1/2-1/2"]
[ECO "B48"]
[WhiteElo "1863"]
[BlackElo "1691"]
[Annotator "NA RC"]
[PlyCount "164"]
[EventDate "2019.03.14"]
[EventType "swiss"]
[EventCountry "BAN"]
[SourceTitle "playchess.com"]
[Source "ChessBase"]
[SourceQuality "1"]
[TimeControl "5400+30"]

1. e4 c5 2. Nf3 e6 3. d4 cxd4 4. Nxd4 a6 5. Bd3 Nf6 6. O-O Qc7 7. Nc3 b5 8. a3 Bb7 9. Qe2 Nc6 10. Be3 Be7 11. f4 Nxd4 12. Bxd4 Bc5 13. Bxc5 Qxc5+ 14. Kh1 d5 15. e5 Nd7 16. Qg4 O-O 17. Rae1 b4 18. axb4 Qxb4 19. Re3 g6 20. Nd1 Rfe8 21. Nf2 Bc6 22. Rh3 Kg7 23. Qg5 Rh8 24. Ng4 Bb5 25. c3 Qc5 26. b4 Qf8 27. Qh6+ Kg8 28. Qg5 Kg7 29. Rd1 Bxd3 30. Rhxd3 h6 31. Qh4 Qd8 32. Qf2 Nb6 33. Ne3 Qc7 34. Ra1 Nc4 35. Nc2 Rhc8 36. Nd4 Qb6 37. Rg3 Kh7 38. Rh3 Qd8 39. Re1 Na3 40. Qe2 Qd7 41. Qd2 Nc4 42. Qc1 Rg8 43. Nf3 Kg7 44. f5 h5 45. fxg6 fxg6 46. Qg5 Qd8 47. Qg3 Kh6 48. Qf4+ g5 49. Qf7 Rg6 50. g4 h4 51. Nd4 Qg8 52. Rf3 Nd2 53. Rf6 Qxf7 54. Rxf7 Ne4 55. Re7 Nf2+ 56. Kg2 Nd3 57. Re3 Nf4+ 58. Kg1 Rg7 59. Rxg7 Kxg7 60. Re1 Rc8 61. Re3 Kf7 62. Nf3 Rxc3 63. Nxg5+ Ke7 64. Rxc3 Ne2+ 65. Kf1 Nxc3 66. Nf3 Na2 67. b5 axb5 68. Nxh4 b4 69. Ke1 b3 70. Kd2 Nb4 71. Kc3 b2 72. Kxb2 Nd3+ 73. Kc3 Nxe5 74. g5 Nc6 75. Ng6+ Kf7 76. Nf4 Ne5 77. h4 Nf3 78. g6+ Kf6 79. h5 Nh4 80. Kd3 Nxg6 81. Nxg6 Kg5 82. Nf4 e5 {[%emt 0:00:02] Ke4 [%clk 0:00:00]} 1/2-1/2

[Event "Asian Zonal 3.2 Women 2019"]
[Site "Dhaka"]
[Date "2019.03.20"]
[Round "4.10"]
[White "Sultana, Zakia"]
[Black "Ranasinghe, S D"]
[Result "1/2-1/2"]
[ECO "D00"]
[WhiteElo "1826"]
[BlackElo "1829"]
[Annotator "NA RC"]
[PlyCount "110"]
[EventDate "2019.03.14"]
[EventType "swiss"]
[EventCountry "BAN"]
[SourceTitle "playchess.com"]
[Source "ChessBase"]
[SourceQuality "1"]
[TimeControl "5400+30"]

1. d4 d5 2. Bf4 Nf6 3. e3 e6 4. Nd2 c5 5. c3 Nc6 6. Bd3 Be7 7. h3 Qb6 8. Qc1 Bd7 9. Ngf3 Rc8 10. O-O cxd4 11. exd4 Nb4 12. Be2 Bb5 13. Bxb5+ Qxb5 14. Ne5 Nd3 15. Nxd3 Qxd3 16. Nf3 Nh5 17. Bh2 Nf6 18. Qd1 Qxd1 19. Raxd1 b5 20. Rc1 Ne4 21. Rfd1 O-O 22. Kf1 f6 23. Ke2 Rc6 24. Bf4 g5 25. Be3 Rfc8 26. g4 b4 27. cxb4 Rc2+ 28. Kf1 Bxb4 29. a3 Bd6 30. Ne1 Rxc1 31. Rxc1 Rxc1 32. Bxc1 Bc7 33. f3 Nd6 34. Ke2 Bb6 35. Kd3 Kf7 36. Nc2 Kg6 37. a4 h5 38. b3 f5 39. Ba3 Nc8 40. Ne3 fxg4 41. fxg4 Bc7 42. Nd1 hxg4 43. hxg4 Kf6 44. Nc3 a6 45. Bc1 Ne7 46. Nd1 Ng6 47. Nf2 e5 48. dxe5+ Nxe5+ 49. Ke2 Nc6 50. Kd3 Bb6 51. Nh3 Ne5+ 52. Ke2 Nf7 53. Kd3 Bc5 54. Bd2 Ne5+ 55. Ke2 Nf7 1/2-1/2

[Event "Asian Zonal 3.2 Women 2019"]
[Site "Dhaka"]
[Date "2019.03.20"]
[Round "4.11"]
[White "Premanath, Dinushki"]
[Black "Sultana, Sharmin Shirin"]
[Result "0-1"]
[ECO "B48"]
[WhiteElo "1863"]
[BlackElo "1981"]
[Annotator "NA RC"]
[PlyCount "102"]
[EventDate "2019.03.14"]
[EventType "swiss"]
[EventCountry "BAN"]
[SourceTitle "playchess.com"]
[Source "ChessBase"]
[SourceQuality "1"]
[TimeControl "5400+30"]

1. e4 c5 2. Nf3 e6 3. d4 cxd4 4. Nxd4 a6 5. Bd3 Qc7 6. O-O Nc6 7. Be3 Nf6 8. Nc3 b5 9. a3 Bb7 10. Qe2 Bd6 11. f4 Nxd4 12. Bxd4 e5 13. fxe5 Bxe5 14. Bxe5 Qxe5 15. Rf5 Qd4+ 16. Kh1 g6 17. Rf4 O-O 18. Raf1 Nh5 19. Rh4 Ng7 20. Qd2 Ne6 21. Qh6 Qg7 22. Qe3 Rac8 23. Nd1 Rc5 24. c3 Rfc8 25. Nf2 h5 26. Bc2 Qf6 27. Rh3 Qg5 28. Qe1 Re5 29. Rg3 Qe7 30. Qd2 Kg7 31. Rf3 Ng5 32. Rf4 Ne6 33. Rf3 Ng5 34. Rf4 Rf8 35. Rd1 Ne6 36. Rf3 Rd8 37. Rd3 Bxe4 38. Nxe4 Rxe4 39. Rd6 Re5 40. Rxa6 d5 41. Re1 Qg5 42. Qf2 Qf4 43. Qg1 d4 44. cxd4 Rxd4 45. Rf1 Qd2 46. h3 Rf4 47. Rc1 Rf2 48. Rd6 Qf4 49. Rdd1 Ng5 50. Qh2 Qxh2+ 51. Kxh2 Ree2 0-1

[Event "Asian Zonal 3.2 Women 2019"]
[Site "Dhaka"]
[Date "2019.03.20"]
[Round "4.12"]
[White "Khan, Nazrana"]
[Black "Kiswara, Shajrin Evana"]
[Result "1-0"]
[ECO "D45"]
[WhiteElo "1948"]
[BlackElo "1615"]
[Annotator "NA RC"]
[PlyCount "121"]
[EventDate "2019.03.14"]
[EventType "swiss"]
[EventCountry "BAN"]
[SourceTitle "playchess.com"]
[Source "ChessBase"]
[SourceQuality "1"]
[TimeControl "5400+30"]

1. d4 d5 2. c4 e6 3. Nc3 dxc4 4. Nf3 Nf6 5. e3 c5 6. Bxc4 Be7 7. O-O O-O 8. Ne5 a6 9. Qf3 Qc7 10. Bd3 Nbd7 11. Nxd7 Bxd7 12. dxc5 Bxc5 13. e4 Bd6 14. h3 Bc6 15. Bg5 Be5 16. Rac1 Qa5 17. Bh4 Nd7 18. Qe2 Nc5 19. Bb1 Na4 20. Qe3 Qb6 21. Qxb6 Nxb6 22. Be7 Rfe8 23. Bc5 Nc4 24. f4 Bxc3 25. bxc3 Nd2 26. Rfe1 Nxb1 27. Rxb1 Rad8 28. Bd4 f5 29. e5 Bd5 30. a4 Rc8 31. a5 Rc4 32. Ra1 h6 33. Kf2 Kf7 34. g4 fxg4 35. hxg4 g6 36. Kg3 Rg8 37. Reb1 Bc6 38. Rb2 Rd8 39. Rd2 Rd5 40. Rh2 Kg7 41. Rd2 Ra4 42. Rxa4 Bxa4 43. f5 gxf5 44. gxf5 exf5 45. Kf4 Kg6 46. e6 h5 47. Rg2+ Kh6 48. Bg7+ Kh7 49. Be5 Bc6 50. Rg7+ Kh6 51. Rg8 Rxa5 52. Kxf5 Rxe5+ 53. Kxe5 Kh7 54. Rf8 Kg7 55. e7 h4 56. e8=Q Bxe8 57. Rxe8 h3 58. Re7+ Kg6 59. Rxb7 Kg5 60. Rg7+ Kh6 61. Rg3 1-0

[Event "Asian Zonal 3.2 Women 2019"]
[Site "Dhaka"]
[Date "2019.03.20"]
[Round "5.9"]
[White "Parveen, Seyda Shabana"]
[Black "Noshin, Anjum"]
[Result "1/2-1/2"]
[ECO "D11"]
[WhiteElo "2073"]
[BlackElo "1722"]
[Annotator "NA RC"]
[PlyCount "99"]
[EventDate "2019.03.14"]
[EventType "swiss"]
[EventCountry "BAN"]
[SourceTitle "playchess.com"]
[Source "ChessBase"]
[SourceQuality "1"]
[TimeControl "5400+30"]

1. d4 d5 2. Nf3 Nf6 3. g3 c6 4. Bg2 Bf5 5. O-O e6 6. b3 Nbd7 7. Bb2 h6 8. Nbd2 Be7 9. c4 O-O 10. Ne5 a5 11. a3 Ne4 12. Nxe4 dxe4 13. Nxd7 Qxd7 14. e3 Bh7 15. Qe2 Rfd8 16. Rfd1 Qc7 17. Rac1 Qb6 18. Qc2 f5 19. Rd2 Rac8 20. Qd1 Bf6 21. Bf1 Rd7 22. Bc3 Qd8 23. b4 axb4 24. axb4 Qe8 25. c5 Rdd8 26. Qb3 Bg6 27. b5 Bf7 28. Ba5 Rd7 29. Bc4 e5 30. dxe5 Rxd2 31. Bxf7+ Qxf7 32. e6 Qe7 33. Bxd2 cxb5 34. Qxb5 Rc6 35. Bb4 Rxe6 36. Qc4 Qd7 37. Kg2 Kh7 38. Qb3 Be5 39. Rd1 Qc6 40. Rd5 b6 41. Qc4 bxc5 42. Rxc5 Qd7 43. Rd5 Qe8 44. h3 Qh5 45. Rd2 Qg6 46. Qc8 Re8 47. Qd7 Qe6 48. Qa4 Rc8 49. Qd1 Rb8 50. Bc5 1/2-1/2

[Event "Asian Zonal 3.2 Women 2019"]
[Site "Dhaka"]
[Date "2019.03.20"]
[Round "5.10"]
[White "Jannatul, Ferdous"]
[Black "Parveen, Tanima"]
[Result "0-1"]
[ECO "C50"]
[WhiteElo "1704"]
[BlackElo "1990"]
[Annotator "NA RC"]
[PlyCount "90"]
[EventDate "2019.03.14"]
[EventType "swiss"]
[EventCountry "BAN"]
[SourceTitle "playchess.com"]
[Source "ChessBase"]
[SourceQuality "1"]
[TimeControl "5400+30"]

1. e4 e5 2. Nf3 Nc6 3. d4 exd4 4. Bc4 Nf6 5. O-O d6 6. Nxd4 Be7 7. Nxc6 bxc6 8. Nc3 O-O 9. Re1 Ng4 10. h3 Ne5 11. Bb3 Bf6 12. f4 Ng6 13. Qd3 a5 14. Bc4 Bb7 15. Be3 Re8 16. Rab1 Qc8 17. Rf1 Bxc3 18. bxc3 d5 19. exd5 cxd5 20. Bb5 c6 21. Ba4 Ba6 22. Qd4 Bxf1 23. Rxf1 Re4 24. Qc5 Rxa4 25. f5 Ne5 26. f6 Nd7 27. Qd6 Nxf6 28. Bd4 Qe6 29. Qg3 Rxd4 30. cxd4 Re8 31. Kh2 Ne4 32. Qh4 Qd6+ 33. Kg1 Qg3 34. Qh5 Qe3+ 35. Kh2 g6 36. Qg4 Qxd4 37. Qd7 Qe5+ 38. Kg1 Qe6 39. Qa7 Ng3 40. Rf2 h5 41. Kh2 h4 42. Qb7 Re7 43. Qb8+ Kg7 44. Qb2+ Qe5 45. Rxf7+ Kxf7 0-1

[Event "Asian Zonal 3.2 Women 2019"]
[Site "Dhaka"]
[Date "2019.03.20"]
[Round "5.11"]
[White "Sultana, Sharmin Shirin"]
[Black "Sultana, Zakia"]
[Result "1-0"]
[ECO "D52"]
[WhiteElo "1981"]
[BlackElo "1826"]
[Annotator "NA RC"]
[PlyCount "147"]
[EventDate "2019.03.14"]
[EventType "swiss"]
[EventCountry "BAN"]
[SourceTitle "playchess.com"]
[Source "ChessBase"]
[SourceQuality "1"]
[TimeControl "5400+30"]

1. d4 d5 2. c4 e6 3. Nc3 Nf6 4. Bg5 c6 5. e3 Nbd7 6. Nf3 Qa5 7. cxd5 exd5 8. Bd3 Be7 9. O-O O-O 10. a3 Re8 11. Qc2 Nf8 12. h3 Qd8 13. b4 a6 14. Rab1 Ne4 15. Bf4 Nxc3 16. Qxc3 Bd6 17. Bxd6 Qxd6 18. Rfc1 Bd7 19. Ne5 Be6 20. Qc5 Qe7 21. Qxe7 Rxe7 22. a4 f6 23. Nf3 Bd7 24. Nd2 g6 25. Nb3 Ne6 26. Rc3 f5 27. Nc5 Be8 28. g3 Ng5 29. h4 Ne4 30. Rcc1 Nd6 31. Kg2 Kg7 32. Rh1 Kf6 33. Be2 h5 34. Rhc1 Kg7 35. Nd3 Nc4 36. Nf4 b5 37. Ra1 Rea7 38. Nd3 Kf6 39. Nc5 Nb6 40. Bf3 Ke7 41. a5 Nc4 42. Rc2 Kd6 43. Kf1 Re7 44. Ke2 Raa7 45. Bg2 Bf7 46. Kd3 Bg8 47. Re2 Kc7 48. Kc3 Ra8 49. Rae1 Kb8 50. f3 Ka7 51. e4 Rae8 52. Nd3 Nd6 53. e5 Nc4 54. Nf4 Rg7 55. e6 Ree7 56. Bh3 Nd6 57. Nd3 Bh7 58. Nf4 Rg8 59. Rf2 Rge8 60. Bf1 Rf8 61. Bd3 Rf6 62. Rfe2 Bg8 63. Re5 Kb7 64. Rf1 Nc4 65. Ree1 Kc7 66. g4 hxg4 67. fxg4 Kd6 68. g5 Rfxe6 69. Nxe6 Bxe6 70. h5 Rg7 71. hxg6 Kd7 72. Rh1 Rxg6 73. Rh7+ Kd6 74. Rh6 {[%emt 0:05:34] Ke5 [%clk 0:00:00]} 1-0

[Event "Asian Zonal 3.2 Women 2019"]
[Site "Dhaka"]
[Date "2019.03.20"]
[Round "5.12"]
[White "Ranasinghe, S D"]
[Black "Khan, Nazrana"]
[Result "0-1"]
[ECO "A12"]
[WhiteElo "1829"]
[BlackElo "1948"]
[Annotator "NA RC"]
[PlyCount "210"]
[EventDate "2019.03.14"]
[EventType "swiss"]
[EventCountry "BAN"]
[SourceTitle "playchess.com"]
[Source "ChessBase"]
[SourceQuality "1"]
[TimeControl "5400+30"]

1. Nf3 d5 2. e3 c6 3. c4 Nf6 4. b3 Bf5 5. Nc3 e6 6. Bb2 Nbd7 7. d4 Be7 8. Be2 h6 9. Bd3 Bxd3 10. Qxd3 O-O 11. O-O Re8 12. e4 dxe4 13. Nxe4 Nxe4 14. Qxe4 Nf6 15. Qe2 a5 16. Rad1 a4 17. bxa4 Rxa4 18. Bc1 Qa5 19. Ne5 Rxa2 20. Qf3 Ra8 21. Qh3 Bd6 22. Rfe1 Bxe5 23. dxe5 Nh7 24. Qg4 Kh8 25. Re3 Rd8 26. Rf1 Qc5 27. Rf3 Qxe5 28. Rxf7 b5 29. Bf4 Qd4 30. h4 Ra1 31. Rxa1 Qxa1+ 32. Kh2 Rf8 33. Rd7 Qf6 34. Be3 Rg8 35. f4 Nf8 36. Rc7 Qg6 37. Qxg6 Nxg6 38. c5 Nxh4 39. g4 Nf3+ 40. Kg3 Ne1 41. Rxc6 Nc2 42. Bc1 Nd4 43. Rb6 Ne2+ 44. Kf3 Nxc1 45. Rxb5 Na2 46. Rb2 Nc3 47. Rc2 Nb5 48. Ke4 Rc8 49. c6 Kg8 50. Ke5 Na7 51. c7 Nb5 52. Kxe6 Rxc7 53. Rd2 Rc4 54. Kf5 Rd4 55. Rb2 Nc7 56. Ke5 Rc4 57. g5 Rc6 58. f5 hxg5 59. Rg2 Kf7 60. Rxg5 Ne8 61. Rg1 Rc5+ 62. Kf4 Kf6 63. Rg6+ Kf7 64. Ra6 Rc1 65. Ra7+ Rc7 66. Ra4 Rd7 67. Ra6 Rd1 68. Ke5 Rd7 69. Kf4 Nf6 70. Ra4 Rd1 71. Ra7+ Nd7 72. Kf3 Kf6 73. Ke4 Nc5+ 74. Kf4 Rd4+ 75. Ke3 Re4+ 76. Kf3 Rd4 77. Ke3 Rg4 78. Ra5 Nd7 79. Kf3 Rg1 80. Kf4 Rf1+ 81. Ke4 Kg5 82. Ra7 Re1+ 83. Kd4 Re7 84. Ra5 Nf6 85. Kd3 Rd7+ 86. Ke3 Rb7 87. Kd4 Rb4+ 88. Ke5 Re4+ 89. Kd6 Re1 90. Kc6 Rd1 91. Ra7 Rd7 92. Ra5 Rd2 93. Ra7 Nh5 94. Ra5 Kf6 95. Rc5 Rf2 96. Kd6 Rxf5 97. Rc1 Nf4 98. Rf1 g5 99. Rg1 Rd5+ 100. Kc6 Rd2 101. Kc5 Kf5 102. Kc4 g4 103. Re1 g3 104. Kc3 Rd8 105. Ra1 g2 0-1

[Event "Asian Zonal 3.2 Women 2019"]
[Site "Dhaka"]
[Date "2019.03.20"]
[Round "6.9"]
[White "Parveen, Tanima"]
[Black "Sultana, Sharmin Shirin"]
[Result "0-1"]
[ECO "B22"]
[WhiteElo "1990"]
[BlackElo "1981"]
[Annotator "NA RC"]
[PlyCount "150"]
[EventDate "2019.03.14"]
[EventType "swiss"]
[EventCountry "BAN"]
[SourceTitle "playchess.com"]
[Source "ChessBase"]
[SourceQuality "1"]
[TimeControl "5400+30"]

1. e4 c5 2. c3 d5 3. exd5 Qxd5 4. d4 Nf6 5. Nf3 e6 6. Be2 Nc6 7. O-O cxd4 8. Nxd4 Nxd4 9. cxd4 Be7 10. Nc3 Qd6 11. Bf3 {[%emt 0:07:55] B22: Sicilian: 2 c3} O-O 12. Be3 (12. g3 Rd8 13. Be3 Qb6 14. Qb3 Qxb3 15. axb3 a6 16. Rfc1 Rb8 17. d5 exd5 18. Bb6 Re8 19. Bc7 Ra8 20. Nxd5 Nxd5 21. Bxd5 Bf6 22. Re1 Rxe1+ 23. Rxe1 {½-½ (23) Zvjaginsev,V (2658)-Bukavshin,I (2618) Moscow 2015}) 12... Bd7 13. Qb3 Bc6 14. Nb5 $146 (14. Bxc6 $11 {remains equal.} bxc6 15. Rac1) ({Predecessor:} 14. d5 Nxd5 15. Rfd1 Rfd8 16. Rd4 Qe5 17. Nxd5 exd5 18. Rad1 Bc5 19. R4d3 Bxe3 20. Rxe3 Qf6 21. Red3 d4 22. Bxc6 {½-½ (22) Volobuev,S (1829)-Solcanean,S (2168) Moscow 2008}) 14... Qd7 ({Black should play} 14... Qb8 $17) 15. Bxc6 bxc6 16. Nc3 Rab8 17. Qc2 Qc7 18. h3 Qb7 19. Rab1 Nd5 20. Rfc1 (20. Ne4 $11 {keeps the balance.}) 20... Nxe3 21. fxe3 c5 22. Rd1 Rfd8 23. Ne4 (23. dxc5 $15 Bxc5 24. Rxd8+ Rxd8 25. Qe2) 23... cxd4 24. exd4 Qd5 25. Nc3 Qg5 26. Kh1 h6 27. Rd2 Qf4 28. Ne2 Qg5 ({Black should try} 28... Qh4 $17) 29. Rbd1 a5 30. a3 Qb5 31. Qe4 Bg5 32. Nc3 Qc4 33. Rf2 Rd7 (33... f5 $17 34. Qe2 Qxe2 35. Rxe2 Bf6) 34. Qe5 Rbd8 35. Qxa5 Bh4 ({Better is} 35... Rxd4 $17 36. Rxd4 Qxd4) 36. Rf4 Bg3 37. Rf3 Bc7 38. Qb5 Rxd4 39. Qxc4 Rxc4 40. Rxd8+ Bxd8 41. b3 Rd4 42. a4 f5 43. Nb5 Rd1+ 44. Kh2 Ba5 45. Rf2 Rb1 (45... Bb6 $17 46. Rf3 g5) 46. Rf3 g5 47. Rd3 ({White should try} 47. Na3 $15 Bc7+ 48. g3 Rb2+ 49. Kg1) 47... Be1 (47... e5 $17 48. Na3 e4 49. Rd8+ Bxd8 50. Nxb1 Kf7) 48. g3 Rb2+ 49. Kh1 f4 50. gxf4 gxf4 51. Nd6 Kg7 52. Nc4 {[%emt 0:02:00] [#]} Rb1 ({Black should try} 52... Re2 $1 $17 53. Kg1 Bg3) 53. Kg2 Kf6 54. a5 Ra1 55. Kf3 e5 56. Rd6+ Kf5 57. Rd5 Bc3 58. Rb5 Rf1+ 59. Kg2 Ra1 60. Kf3 Bd4 61. Nd6+ $1 Ke6 62. Ne4 {[%emt 0:00:05] [#]} h5 $2 ({Better is} 62... Re1 $1 $19 63. Nd2 Re3+ 64. Kg4 Rg3+ 65. Kh4 Bf2) 63. b4 $2 (63. Rb8 $15) 63... Ra3+ 64. Kg2 h4 65. Ng5+ Kf5 66. Nf3 Bc3 $2 (66... Ra2+ 67. Kh1 Ke4 68. Nxd4 exd4) 67. Nxh4+ $2 (67. a6 Rxa6 68. Rc5) 67... Ke4 68. Rc5 Bd4 (68... Ra2+ $142 69. Kh1 Kd3 70. Rd5+ Kc4 {[%mdl 64] Double Attack}) 69. Rc2 $19 Rg3+ 70. Kh2 Rb3 71. Kg2 Rxb4 72. Ra2 Rb3 73. Nf3 Rxf3 74. a6 Rg3+ 75. Kh2 Rg7 0-1

[Event "Asian Zonal 3.2 Women 2019"]
[Site "Dhaka"]
[Date "2019.03.20"]
[Round "6.10"]
[White "Khan, Nazrana"]
[Black "Noshin, Anjum"]
[Result "0-1"]
[ECO "D49"]
[WhiteElo "1948"]
[BlackElo "1722"]
[Annotator "NA RC"]
[PlyCount "93"]
[EventDate "2019.03.14"]
[EventType "swiss"]
[EventCountry "BAN"]
[SourceTitle "playchess.com"]
[Source "ChessBase"]
[SourceQuality "1"]
[TimeControl "5400+30"]

1. d4 d5 2. c4 c6 3. Nf3 Nf6 4. Nc3 e6 5. e3 Nbd7 6. Bd3 dxc4 7. Bxc4 b5 8. Bd3 a6 9. e4 c5 10. e5 cxd4 11. Nxb5 axb5 12. exf6 gxf6 13. O-O Qb6 14. Qe2 Bb7 {[%emt 0:01:44] [#] D49: Semi-Slav: Meran System: Main line with 9 e4 c5 10 e5 cxd4 11 Nxb5} 15. Nd2 $146 ({Predecessor:} 15. Bxb5 $14 Rg8 16. Bf4 Bd6 17. Bg3 f5 18. Rfc1 f4 19. Bh4 Be7 20. a4 Bxh4 21. Nxh4 Ke7 22. Ra3 {0-1 (35) Kramnik,V (2772)-Anand,V (2783) Bonn 2008}) 15... Rg8 16. Be4 {[%emt 0:02:44] [#]} (16. f3 $17 {keeps fighting.}) 16... f5 $1 17. Bf3 Bd6 18. Bxb7 Qxb7 19. Qf3 Qxf3 20. Nxf3 Rg4 (20... e5 $19 {and Black stays clearly on top.} 21. Re1 Bb4) 21. Re1 {[%emt 0:20:48] [#]} Bc5 ({Black should play} 21... e5 $1 $19 22. Bd2 Ke7) 22. Bd2 (22. Kf1 $17 {keeps fighting.}) 22... Re4 23. a3 Nf6 24. Rec1 Bb6 25. Rc6 Nd5 26. Re1 {[%emt 0:02:25] [#]} (26. Rd1 $17) 26... Kd7 $1 27. Rxe4 (27. Rcc1 $142) 27... fxe4 28. Ne5+ Ke8 29. Bb4 (29. Ng4 $142 Bd8 30. g3) 29... Nxb4 30. Rxb6 Rc8 31. g3 d3 32. axb4 d2 33. Rd6 Rc1+ 34. Kg2 d1=Q 35. Rxd1 Rxd1 36. h4 Rd2 37. Ng4 Ke7 38. b3 Rb2 39. Kf1 Rxb3 40. Ne5 f6 41. Ng4 Rxb4 42. Ke2 Rc4 43. Kd2 b4 44. Ne3 Rc8 $19 (44... Rc5 $142 45. Nd1 b3 46. Ke3 Rc1 47. Ke2 Rc2+ 48. Ke1 b2 49. Nxb2 Rxb2 50. Kf1 Kd6 51. Kg1 Ke5 52. Kf1 f5 53. h5 f4 54. gxf4+ Kxf4 55. Ke1 Kf3 56. Kd1 Rxf2 57. Ke1 e3 58. Kd1 Rd2+ 59. Kc1 h6 60. Kb1 e2 61. Kc1 e1=Q#) 45. Nd1 b3 46. Ke3 Rc2 47. Kd4 0-1

[Event "Asian Zonal 3.2 Women 2019"]
[Site "Dhaka"]
[Date "2019.03.20"]
[Round "6.11"]
[White "Kiswara, Shajrin Evana"]
[Black "Parveen, Seyda Shabana"]
[Result "0-1"]
[ECO "A26"]
[WhiteElo "1615"]
[BlackElo "2073"]
[Annotator "NA RC"]
[PlyCount "106"]
[EventDate "2019.03.14"]
[EventType "swiss"]
[EventCountry "BAN"]
[SourceTitle "playchess.com"]
[Source "ChessBase"]
[SourceQuality "1"]
[TimeControl "5400+30"]

1. c4 Nf6 2. g3 g6 3. Bg2 Bg7 4. Nc3 d6 5. Nf3 O-O 6. O-O e5 7. d3 Nc6 8. a3 a5 9. Bg5 h6 10. Bxf6 Bxf6 11. Nd5 Bg7 12. Rb1 Be6 {[%emt 0:02:47] A26: English Opening vs King's Indian with ...Nc6 and d3} 13. Nd2 Rb8 (13... h5 14. b4 axb4 15. axb4 Bh6 16. Nb3 Bxd5 17. Bxd5 Nxb4 18. Bxb7 Ra2 19. Ra1 Rb2 20. Bf3 c5 {0-1 (30) Chuprikov,D (2377)-Novikov,S (2545) Voronezh 2006}) 14. b4 axb4 15. axb4 Qd7 16. e3 $146 ({Predecessor:} 16. b5 Ne7 17. Nxe7+ Qxe7 18. Ra1 Qd7 19. Ra7 Bh3 20. Bxh3 Qxh3 21. e3 Qf5 {1-0 (59) Meyer,H (2256)-Hundack,R (2229) Germany 2014}) 16... Bf5 17. Ne4 Bxe4 18. Bxe4 f5 19. Bg2 Nd8 20. b5 Ne6 21. Nb4 Kh8 22. Bd5 Ng5 23. Bg2 (23. h4 $5 Nh7 24. Qd2 $11) 23... f4 24. h4 Nh7 25. Kh2 g5 26. Bh3 Qf7 27. Qg4 {[%emt 0:04:58] [#]} (27. hxg5 $11 Nxg5 28. Bg4) 27... h5 $1 28. Qe6 g4 29. Qxf7 Rxf7 30. Bg2 f3 31. Bh1 Nf8 32. Nd5 Ne6 33. e4 (33. Ra1 $17 {might work better.}) 33... Ra8 34. Ra1 Rxa1 35. Rxa1 Nc5 36. Ra8+ Kh7 37. Nb4 Bh6 38. Ra2 $1 $11 Nb3 39. Kg1 Nc5 $2 (39... Nc1 $19 40. Rc2 {[#]} c6 $1 ) 40. Kf1 $2 Kg6 41. Ke1 {[%emt 0:00:00] [#]} Nb3 (41... c6 $1 $19 42. Kd1 (42. bxc6 bxc6) 42... cxb5 43. cxb5 Rc7) 42. Kd1 Rf8 43. Nc2 (43. Ra7 $17 {was called for.}) 43... Nc1 44. Ra3 Ne2 45. Ra1 (45. Ra7 {was worth a try.}) 45... Kf6 46. Ke1 Ke6 47. Bg2 (47. Nb4 {might work better.}) 47... Nxg3 48. Bf1 Nh1 49. d4 $2 (49. Nb4) 49... g3 50. Bh3+ Ke7 51. fxg3 f2+ 52. Ke2 Nxg3+ {[%emt 0:00:13] Double Attack} 53. Kd3 $19 Rf3+ 0-1